 Dungeon Crawl Stone Soup version 0.19.0-22-gd96e5fe (webtiles) character file.

25722 asthiss the Carver (level 12, -2/110 HPs)
             Began as a Minotaur Fighter on Nov 18, 2016.
             Was a High Priest of Trog.
             Slain by a cyan ugly thing (15 damage)
             ... on level 13 of the Dungeon on Nov 19, 2016.
             The game lasted 01:01:55 (12834 turns).

asthiss the Carver (Minotaur Fighter)              Turns: 12834, Time: 01:01:56

Health: -2/110     AC: 19    Str: 27    XL:     12   Next: 92%
Magic:  11/11      EV: 12    Int:  3    God:    Trog [*****.]
Gold:   685        SH: 13    Dex: 13    Spells: 0 memorised, 11 levels left

rFire  + + +     SeeInvis .     t - +5 long sword (drain)
rCold  . . .     Gourm    .     y - +0 plate armour
rNeg   . . .     Faith    .     c - +0 shield
rPois  .         Spirit   .     C - +2 hat
rElec  .         Reflect  .     g - +1 cloak of Kleptomania {rF++}
rCorr  .         Harm     .     (no gloves)
MR     .....                    (no boots)
Stlth  ..........               (no amulet)
                                r - +4 ring of strength
                                i - ring of protection from fire

@: about to teleport
A: retaliatory headbutt, horns 2, agile 1, dopey 1, weak 1
a: Berserk, Trog's Hand, Brothers in Arms, Burn Spellbooks, Renounce Religion


You were on level 13 of the Dungeon.
You worshipped Trog.
Trog was extremely pleased with you.
You were not hungry.

You visited 2 branches of the dungeon, and saw 14 of its levels.

You collected 685 gold pieces.

Inventory:

Hand Weapons
 m - a +2 long sword of protection
 t - a +5 long sword of draining (weapon)
 I - a +2 double sword of protection
 O - a +1 scimitar of flaming
Armour
 c - a +0 shield (worn)
 g - the +1 cloak of Kleptomania (worn) {rF++}
   (You found it on level 10 of the Dungeon)

   It greatly protects you from fire.
 s - a +2 leather armour of positive energy
 y - a +0 plate armour (worn)
 C - a +2 hat (worn)
 J - a +2 chain mail of cold resistance
Jewellery
 e - an uncursed ring of protection from cold
 i - a ring of protection from fire (left hand)
 r - a +4 ring of strength (right hand)
 v - an uncursed ring of see invisible
 B - an uncursed ring of stealth
 F - an uncursed amulet of harm
 G - the ring of Xom's Ringing Laughter {Wiz *Contam *Slow rC+++ Int+2, unknown}
   (You found it on level 13 of the Dungeon)

   [ring of wizardry]

   It improves your spell success rate.
   It affects your intelligence (+2).
   It renders you almost immune to cold.
   It causes magical contamination when unequipped.
   It may slow you when you take damage.
 H - an uncursed ring of fire
 M - an uncursed ring of wizardry {unknown}
 N - an uncursed ring of poison resistance {unknown}
Wands
 k - a wand of acid (12/15)
 l - a wand of polymorph (9/24)
 A - a wand of confusion (12/48)
 K - a wand of iceblast (8/15)
 P - a wand of disintegration (8/24)
Scrolls
 a - 9 scrolls of remove curse
 h - a scroll of fear
 o - 2 scrolls of teleportation
 p - 3 scrolls of magic mapping
 u - 4 scrolls of blinking
 L - a scroll of immolation
Potions
 b - a potion of agility
 d - 4 potions of flight
 j - a potion of ambrosia
 n - 3 potions of brilliance
 w - 4 potions of curing
 E - 2 potions of might
Miscellaneous
 D - a fan of gales
Comestibles
 f - 11 bread rations
 q - 8 fruits
 x - 2 meat rations
 z - 8 beef jerkies


   Skills:
 * Level 11.5 Fighting
 + Level 13.9 Long Blades
 + Level 10.5 Armour
 * Level 10.7 Dodging
 + Level 1.0 Stealth
 + Level 11.9 Shields


You had 11 spell levels left.
You didn't know any spells.

Dungeon Overview and Level Annotations

Branches:
Dungeon (13/15)            Temple (1/1) D:5            Lair (0/6) D:8
    Orc (0/2) D:11
 Vaults: D:13-14

Altars:
Ashenzari
Cheibriados
Dithmenos
Elyvilon
Fedhas
Gozag
Hepliaklqana
Kikubaaqudgha
Makhleb
Nemelex Xobeh
Okawaru
Qazlal
Ru
Sif Muna
Trog
Uskayaw
Vehumet
Xom
Yredelemnul
Zin
The Shining One

Shops:
D:5 (


Innate Abilities, Weirdness & Mutations

You reflexively headbutt those who attack you in melee.
You have a pair of horns on your head.
You are agile. (Dex +2)
You are dopey. (Int -2)
You are weak. (Str -2)


Message History

The cyan ugly thing stings you. The cyan ugly thing shocks you!
You closely miss the cyan ugly thing. You headbutt the cyan ugly thing.
The cyan ugly thing is heavily wounded.
You hit the cyan ugly thing but do no damage.
Your headbutt misses the cyan ugly thing.
The cyan ugly thing is heavily wounded.
The cyan ugly thing stings you! The cyan ugly thing shocks you!
* * * LOW HITPOINT WARNING * * *
You completely miss the cyan ugly thing.
You headbutt the cyan ugly thing.
The cyan ugly thing is severely wounded.
The cyan ugly thing stings you.
* * * LOW HITPOINT WARNING * * *
The cyan ugly thing shocks you!
* * * LOW HITPOINT WARNING * * *
As you read the scroll of teleportation, it crumbles to dust.
You feel strangely unstable. The cyan ugly thing stings you.
* * * LOW HITPOINT WARNING * * *
The cyan ugly thing shocks you!
You die...

... ....# .# ..#
#... .# #.###..
..# #.##..###.#
#.##.#.#.#
##.####.##.#.J###
..........O.J.OJ#
.....=..#..##.#u#
........#..##.#@#
........#.....#.#
........#.##..#.#
........#.......#
..###.#.......###
.. #.######.##
#.# #.#
##.##########.#
####


You could see a cyan ugly thing, 2 slime creatures and a two-headed ogre.

Vanquished Creatures
  A death knight (D:13)
  2 centaur warriors (D:13)
  Urug (D:11)
  The ghost of Krapule the Ducker, a novice MfSu of Cheibriados (D:7)
  4 hill giants
  2 ugly things
  A centaur zombie (D:10)
  2 manticores
  2 komodo dragons (D:8)
  An efreet (D:13)
  A kobold demonologist (D:11)
  5 trolls
  Prince Ribbit (D:6)
  A two-headed ogre (D:13)
  6 slime creatures (D:13)
  A hornet (D:12)
  4 hippogriffs
  The ghost of Krapule the Digger, an amateur GrEE (D:5)
  2 shadows
  Sigmund (D:2)
  A wyvern (D:13)
  Eustachio (D:5)
  14 yaks
  A wraith (D:8)
  3 hungry ghosts
  Menkaure (D:4)
  3 vampire mosquitoes (D:13)
  The ghost of Kenran the Chopper, an amateur GrCK of Xom (D:3)
  3 water moccasins (D:8)
  5 orc warriors
  Duvessa (D:5)
  5 black bears
  A hornet zombie (D:12)
  11 sky beasts
  A necrophage (D:9)
  11 ogres
  5 ice beasts
  2 phantoms
  6 centaurs
  A crocodile (D:12)
  A big kobold (D:7)
  Blork the orc (D:5)
  12 bullfrogs
  A gnoll sergeant (D:6)
  Dowan (D:5)
  2 scorpions (D:10)
  A wyvern skeleton (D:13)
  A water moccasin skeleton (D:6)
  7 killer bees
  11 crimson imps
  4 bullfrog zombies
  3 quasits
  6 hounds
  3 jellies
  8 orc priests
  3 iguanas
  3 bullfrog skeletons
  4 centaur skeletons
  9 orc wizards
  6 worker ants
  A worker ant zombie (D:8)
  Robin (D:2)
  12 gnolls
  2 howler monkey skeletons
  17 adders
  9 shadow imps
  2 oozes
  2 adder zombies
  3 adder skeletons
  3 worms
  6 dart slugs
  4 leopard geckos
  40 orcs
  2 ball pythons
  10 bats
  6 giant cockroaches
  12 goblins
  11 hobgoblins
  14 jackals
  4 quokkas
  6 frilled lizards
  A jackal zombie (D:5)
  10 kobolds
  A leopard gecko skeleton (D:4)
  6 rats
389 creatures vanquished.

Vanquished Creatures (collateral kills)
  A rakshasa (D:13)
  An ugly thing (D:13)
  A shadow (D:13)
  5 yaks (D:11)
  A necrophage (D:11)
  A centaur (D:11)
  An iguana (D:13)
11 creatures vanquished.

Vanquished Creatures (others)
  2 plants (D:8)
2 creatures vanquished.

Grand Total: 402 creatures vanquished

Notes
Turn   | Place    | Note
-------+----------+-------------------------------------------
     0 | D:1      | asthiss the Minotaur Fighter began the quest for the Orb.
     0 | D:1      | Reached XP level 1. HP: 19/19 MP: 0/0
   285 | D:1      | Reached XP level 2. HP: 27/27 MP: 1/1
   530 | D:1      | Reached XP level 3. HP: 33/33 MP: 2/2
   615 | D:2      | Reached skill level 3 in Long Blades
   808 | D:2      | Noticed Robin
   836 | D:2      | Killed Robin
   836 | D:2      | Reached XP level 4. HP: 16/40 MP: 3/3
   845 | D:2      | Reached skill level 1 in Dodging
  1043 | D:2      | Noticed Sigmund
  1057 | D:2      | Killed Sigmund
  1057 | D:2      | Reached skill level 4 in Long Blades
  1057 | D:2      | Reached XP level 5. HP: 21/47 MP: 4/4
  1605 | D:3      | Reached XP level 6. HP: 51/53 MP: 5/5
  1610 | D:3      | Reached skill level 5 in Shields
  1758 | D:3      | Noticed Kenran's ghost (amateur GrCK)
  1775 | D:3      | Killed Kenran's ghost
  1775 | D:3      | Reached skill level 5 in Long Blades
  1775 | D:3      | Reached skill level 5 in Armour
  2202 | D:3      | Noticed an ice beast
  2208 | D:3      | Killed an ice beast
  2208 | D:3      | Reached XP level 7. HP: 60/60 MP: 6/6
  3024 | D:4      | Noticed Menkaure
  3032 | D:4      | Killed Menkaure
  3032 | D:4      | Reached skill level 6 in Long Blades
  3729 | D:4      | Reached skill level 5 in Fighting
  3770 | D:5      | Entered Level 5 of the Dungeon
  3774 | D:5      | Noticed Blork the orc
  3786 | D:5      | Killed Blork the orc
  3786 | D:5      | Reached XP level 8. HP: 33/68 MP: 7/7
  3792 | D:5      | Reached skill level 7 in Long Blades
  3973 | D:5      | Noticed Duvessa
  3987 | D:5      | Noticed Dowan
  3988 | D:5      | Killed Duvessa
  3990 | D:5      | Noticed Eustachio
  4001 | D:5      | Killed Dowan
  4053 | D:5      | Killed Eustachio
  4053 | D:5      | Reached skill level 8 in Long Blades
  4053 | D:5      | Reached skill level 5 in Dodging
  4214 | D:5      | Found a staircase to the Ecumenical Temple.
  4220 | D:5      | Found Ibbygas's Weapon Boutique.
  4267 | Temple   | Entered the Ecumenical Temple
  4441 | Temple   | Became a worshipper of Trog the Wrathful
  4499 | D:5      | Noticed Krapule's ghost (amateur GrEE)
  4517 | D:5      | Killed Krapule's ghost
  4523 | D:5      | Reached skill level 1 in Stealth
  4539 | D:5      | Reached XP level 9. HP: 75/75 MP: 8/8
  4774 | D:6      | Found a glowing drain.
  4774 | D:6      | Noticed Prince Ribbit
  4832 | D:6      | Noticed a troll
  4838 | D:6      | Killed a troll
  4838 | D:6      | Reached skill level 9 in Long Blades
  5122 | D:6      | Killed Prince Ribbit
  5509 | D:6      | Gained mutation: You are weak. (Str -2) [potion of mutation]
  5509 | D:6      | Gained mutation: You are dopey. (Int -2) [potion of mutation]
  5509 | D:6      | Gained mutation: You are agile. (Dex +2) [potion of mutation]
  5594 | D:6      | Reached * piety under Trog
  5808 | D:7      | Noticed Krapule's ghost (novice MfSu)
  5808 | D:7      | Reached skill level 10 in Long Blades
  5870 | D:7      | Killed Krapule's ghost
  5870 | D:7      | Reached XP level 10. HP: 29/84 MP: 9/9
  7056 | D:8      | Reached ** piety under Trog
  7107 | D:8      | Reached skill level 11 in Long Blades
  7152 | D:8      | Found an opulent altar of Gozag.
  7184 | D:8      | Found a staircase to the Lair.
  7598 | D:8      | Reached *** piety under Trog
  7785 | D:9      | Reached XP level 11. HP: 94/94 MP: 10/10
  8019 | D:9      | Noticed a brown ugly thing
  8033 | D:9      | Killed a brown ugly thing
  8460 | D:10     | Entered Level 10 of the Dungeon
  8490 | D:10     | Reached skill level 12 in Long Blades
  8747 | D:10     | Got a scorched cloak
  8753 | D:10     | Identified the +1 cloak of Kleptomania {rF++} (You found it on level 10 of the Dungeon)
  8838 | D:10     | Reached **** piety under Trog
  8838 | D:10     | Reached skill level 10 in Shields
  9256 | D:11     | Noticed Urug
  9278 | D:11     | Killed Urug
  9602 | D:11     | Noticed a brown ugly thing
  9616 | D:11     | Killed a brown ugly thing
  9769 | D:11     | Noticed a hill giant
  9785 | D:11     | Killed a hill giant
  9808 | D:11     | Found a staircase to the Orcish Mines.
  9853 | D:11     | Reached skill level 10 in Fighting
 10235 | D:12     | Reached XP level 12. HP: 106/106 MP: 11/11
 10244 | D:12     | Reached skill level 13 in Long Blades
 10321 | D:12     | Reached ***** piety under Trog
 10444 | D:12     | Received a gift from Trog
 11098 | D:13     | Noticed a death knight
 11110 | D:13     | Reached skill level 10 in Dodging
 11130 | D:13     | Killed a death knight
 11173 | D:13     | Reached skill level 10 in Armour
 12074 | D:13     | Noticed a centaur warrior
 12093 | D:13     | Killed a centaur warrior
 12346 | D:13     | Noticed a centaur warrior
 12425 | D:13     | Noticed a rakshasa
 12429 | D:13     | Killed a centaur warrior
 12451 | D:13     | Killed a rakshasa
 12647 | D:13     | Got a shimmering platinum ring
 12834 | D:13     | Slain by a cyan ugly thing

Skill      XL: |  1  2  3  4  5  6  7  8  9 10 11 12 |
---------------+-------------------------------------+-----
Shields        | 4 5 6 7 8 9 10 11 | 11.9
Armour         | 4 5 6 7 8 9 10 | 10.5
Long Blades    | 3 4 5 6 8 10 11 12 13 | 13.9
Fighting       | 4 5 6 8 10 11 | 11.5
Dodging        | 2 3 4 5 7 8 9 10 | 10.7
Stealth        | 1 |  1.0

Action                   |  1- 3 |  4- 6 |  7- 9 | 10-12 || total
-------------------------+-------+-------+-------+-------++-------
Melee: Long sword        |    73 |    80 |   378 |   751 ||  1282
       Headbutt          |    13 |    15 |    69 |   207 ||   304
Invok: Burn Spellbooks   |       |       |       |     5 ||     5
       Brothers in Arms  |       |       |       |     4 ||     4
       Berserk           |       |       |       |     2 ||     2
       Trog's Hand       |       |       |       |     1 ||     1
  Use: Scroll            |     6 |     1 |    12 |    13 ||    32
       Potion            |     2 |     3 |     6 |     2 ||    13
  Eat: Chunk             |       |     1 |     4 |     9 ||    14
       Beef jerky        |       |     1 |     1 |       ||     2
       Royal jelly       |       |     1 |       |     1 ||     2
       Pizza             |       |       |     3 |     1 ||     4
       Bread ration      |       |       |     1 |     2 ||     3
       Fruit             |       |       |     1 |       ||     1
       Meat ration       |       |       |       |     1 ||     1
Armor: Scale mail        |    70 |    43 |   106 |       ||   219
       Plate armour      |       |       |       |   257 ||   257
Dodge: Dodged            |    41 |    31 |   120 |   249 ||   441
Block: Shield            |    61 |    47 |   188 |   429 ||   725
       Rpst.: Long sword |    14 |     5 |    30 |    55 ||   104
